 Dungeon Crawl Stone Soup version 0.29.1-12-g30fa7ad0bf (webtiles) character file.

Game seed: 4857715841250769859

28121 scsoc the Severer (level 13, -7/119 HPs)
             Began as a Minotaur Fighter on Dec 23, 2022.
             Was a High Priest of Qazlal.
             Mangled by a deep troll earth mage (11 damage)
             ... on level 13 of the Dungeon.
             The game lasted 00:44:11 (14003 turns).

scsoc the Severer (Minotaur Fighter)               Turns: 14003, Time: 00:44:11

Health: -7/119     AC: 30    Str: 26    XL:     13   Next: 8%
Magic:  12/12      EV: 12    Int:  8    God:    Qazlal [*****.]
Gold:   808        SH: 11    Dex:  8    Spells: 12/12 levels left

rFire   + . .      SeeInvis .   a - +0 war axe
rCold   . . .      Faith    .   q - orb {*Rage}
rNeg    + . .      Spirit   .   s - +0 plate armour
rPois   .          Reflect  +   (helmet restricted)
rElec   .          Harm     .   v - +2 cloak
rCorr   .          Rampage  .   o - +0 pair of gloves
Will    .....      Rage     20% g - +1 pair of boots of Defiance {rF+ rN+ Slay+2}
Stlth   ..........              k - amulet of reflection
HPRegen 0.29/turn               A - ring of Tension {AC+4 Int+3 Dex-2}
MPRegen 0.13/turn               N - +4 ring of evasion

@: protected from physical damage, on berserk cooldown, slowed, studying
Stealth, repel missiles, very slow
A: horns 2, retaliatory headbutt
a: Renounce Religion, Upheaval, Elemental Force, Disaster Area


You were on level 13 of the Dungeon.
You worshipped Qazlal.
Qazlal was extremely pleased with you.
You visited 2 branches of the dungeon, and saw 14 of its levels.

You collected 808 gold pieces.

Inventory:

Hand Weapons
 a - a +0 war axe (weapon)
Armour
 g - the +1 pair of boots of Defiance (worn) {rF+ rN+ Slay+2}
   (You found it on level 3 of the Dungeon)

   Slay:      It affects your accuracy & damage with ranged weapons and melee
   (+2).
   rF:        It protects you from fire.
   rN:        It protects you from negative energy.
 o - a +0 pair of gloves (worn)
 q - an orb of wrath (worn)
 s - a +0 plate armour (worn)
 u - +0 steam dragon scales
 v - a +2 cloak (worn)
 D - +0 acid dragon scales
Jewellery
 k - an amulet of reflection (around neck)
 n - a ring of protection from cold
 A - the ring of Tension (left hand) {AC+4 Int+3 Dex-2}
   (You found it on level 7 of the Dungeon)

   [ring of protection]

   AC:        It affects your AC (+4).
   Int:       It affects your intelligence (+3).
   Dex:       It affects your dexterity (-2).
 K - a ring of protection from fire
 N - a +4 ring of evasion (right hand)
Wands
 e - a wand of roots (15)
 w - a wand of flame (46)
 F - a wand of charming (8)
 I - a wand of mindburst (7)
 M - a wand of polymorph (14)
Scrolls
 h - 2 scrolls of amnesia
 i - 3 scrolls of torment
 j - 5 scrolls of fog
 m - 2 scrolls of fear
 p - 5 scrolls of enchant weapon
 r - 6 scrolls of teleportation
 y - 2 scrolls of identify
 B - 2 scrolls of enchant armour
 E - a scroll of blinking
 H - 2 scrolls of poison
 J - a scroll of magic mapping
 L - 2 scrolls of vulnerability
Potions
 b - a potion of flight
 c - 4 potions of invisibility
 d - a potion of might
 f - 6 potions of curing
 l - 2 potions of berserk rage
 t - a potion of ambrosia
 x - 3 potions of resistance
 z - a potion of lignification
 C - 5 potions of heal wounds
 G - a potion of magic
 O - a potion of haste


   Skills:
 + Level 12.4 Fighting
 + Level 16.9 Axes
 + Level 13.4 Armour
 + Level 2.5 Dodging
 + Level 1.6 Stealth
 + Level 10.5 Shields
 + Level 1.7 Evocations


You had 12 spell levels left.
You didn't know any spells.
Your spell library contained the following spells:

 Spells                   Type           Power      Damage    Failure   Level
 Apportation              Tloc           0%         N/A       97%         1
 Freeze                   Ice            0%         1d3       97%         1
 Magic Dart               Conj           0%         1d3       97%         1
 Necrotise                Necr           0%         1d4       97%         1
 Summon Small Mammal      Summ           0%         N/A       97%         1
 Blink                    Tloc           0%         N/A       99%         2
 Call Imp                 Summ           0%         N/A       99%         2
 Passwall                 Tmut/Erth      0%         N/A       99%         2
 Conjure Flame            Conj/Fire      0%         6-21      100%        3
 Dazzling Flash           Conj/Hex       0%         N/A       100%        3
 Frozen Ramparts          Ice            0%         1d1       100%        3
 Ignite Poison            Fire/Tmut/Pois 0%         N/A       100%        3
 Lesser Beckoning         Tloc           0%         N/A       100%        3
 Mephitic Cloud           Conj/Pois/Air  0%         N/A       100%        3
 Animate Armour           Summ/Erth      0%         N/A       100%        4
 Corpse Rot               Necr/Pois/Air  0%         N/A       100%        4
 Hailstorm                Conj/Ice       0%         3d3       100%        4
 Iskenderun's Mystic Bla  Conj/Tloc      0%         2d3       100%        4
 Olgreb's Toxic Radiance  Pois           0%         N/A       100%        4
 Sticky Flame             Conj/Fire      0%         2d3       100%        4
 Blade Hands              Tmut           0%         N/A       100%        5
 Lee's Rapid Deconstruct  Erth           0%         3d5*      100%        5
 Manifold Assault         Tloc           0%         N/A       100%        5
 Dispersal                Tloc           0%         N/A       100%        6
 Iron Shot                Conj/Erth      0%         9d1       100%        6
 Starburst                Conj/Fire      0%         6d3       100%        6
 Disjunction              Tloc           0%         N/A       100%        8


Dungeon Overview and Level Annotations

Branches:
Dungeon (13/15)            Temple (1/1) D:4            Lair (0/5) D:10
    Orc (0/2) D:9
 Vaults: D:13-14

Altars:
Ashenzari
Cheibriados
Dithmenos
Elyvilon
Fedhas
Gozag
Hepliaklqana
Kikubaaqudgha
Makhleb
Nemelex Xobeh
Okawaru
Qazlal
Ru
Sif Muna
Trog
Uskayaw
Vehumet
Wu Jian
Xom
Yredelemnul
Zin
The Shining One

Shops:
D:1 ((:   D:7 (*   D:8 *

Portals:
Trove: D:12 (give +6 demon blade)


Innate Abilities, Weirdness & Mutations

You have a pair of horns on your head.
You reflexively headbutt those who attack you in melee.


Message History

The sphinx hits you.
The sphinx hits you but does no damage. x2
You block the deep troll earth mage's attack.
The deep troll earth mage barely misses you.
The deep troll earth mage closely misses you.
The sphinx mumbles some strange words.
Something smites you!
You slash the sphinx!
You headbutt the sphinx, but do no damage.
The sphinx is severely wounded.
You hit the deep troll earth mage.
Your protection from fire is fading.
You block the deep troll earth mage's attack.
The deep troll earth mage claws you. x2
Your resistance to fire fades away.
You feel protected from physical attacks.
The sphinx hits you! You block the sphinx's attack. The sphinx hits you.
* * * LOW HITPOINT WARNING * * *
You hit the sphinx but do no damage. You headbutt the sphinx.
The sphinx is severely wounded.
You slash the yaktaur captain! You hit the deep troll earth mage.
You block the deep troll earth mage's attack.
The deep troll earth mage claws you but does no damage.
The deep troll earth mage closely misses you.
The yaktaur captain unwields a +0 arbalest.
The yaktaur captain hits you!
* * * LOW HITPOINT WARNING * * *
The sphinx hits you.
* * * LOW HITPOINT WARNING * * *
You block the sphinx's attack. The sphinx hits you.
* * * LOW HITPOINT WARNING * * *
You feel more protected from physical attacks.
You slash the sphinx!
The sphinx is severely wounded.
You barely miss the deep troll earth mage.
You slash the yaktaur captain!
The deep troll earth mage barely misses you.
The deep troll earth mage claws you!
* * * LOW HITPOINT WARNING * * *
The deep troll earth mage claws you!
You die...

..# #............ ..#
..# .. #..........#
...##..##.+#..........#
'.......##............#
......................#
.)......).............#
##..°☼...............#
#....☼H.........†....#
##§T@.........)....##
#.§c○°...............
#...○.†..#####....<...
#.........# #........
#..........# ###...###
.##+#....... #...#
#......## ##..#
#......# #..# #......#
#..+


You could see a sphinx, a yaktaur captain and a deep troll earth mage.

Vanquished Creatures
  A fire giant (D:13)
  A boulder beetle (D:13)
  A hydra (D:11)
  A centaur warrior (D:13)
  A two-headed ogre (D:9)
  Erica (D:9)
  3 death yaks (D:9)
  Urug (D:11)
  6 slime creatures (D:12)
  The ghost of cowcol the Chopper, a novice DrBe of Trog (D:7)
  Pikel (D:5)
  2 cyclopes
  A deep elf pyromancer (D:12)
  An ugly thing (D:13)
  2 manticores (D:12)
  Maurice (D:11)
  Maggie (D:6)
  Psyche (D:11)
  A kobold demonologist (D:11)
  2 unseen horrors
  A hornet (D:8)
  A polar bear (shapeshifter) (D:13)
  6 trolls
  4 polar bears (D:12)
  A dream sheep (D:12)
  3 shadows
  Sigmund (D:4)
  A wraith (D:12)
  5 wyverns
  A vampire (D:11)
  A basilisk (D:12)
  25 yaks
  2 steam dragons (D:9)
  A hog (D:12)
  12 vampire mosquitoes
  Edmund (D:5)
  6 acid dragons
  A water moccasin (D:7)
  4 black bears
  2 orc warriors
  7 ogres
  4 centaurs
  Blork the orc (D:6)
  3 lemures (D:5)
  4 kobold brigands
  3 gnoll sergeants (D:7)
  A necrophage (D:4)
  2 bullfrogs
  3 scorpions
  A wight (D:6)
  12 killer bees
  An electric eel (D:12)
  4 howler monkeys (D:9)
  8 hounds
  A jelly (D:6)
  A gnoll bouda (D:7)
  Crazy Yiuf (D:3)
  8 orc priests
  2 iguanas (D:5)
  Ijyb (D:5)
  6 orc wizards
  5 gnolls (D:7)
  8 adders
  A river rat (D:9)
  2 white imps
  3 ufetubi
  A worm (D:3)
  4 dart slugs
  54 orcs
  7 bats
  11 endoplasms
  4 giant cockroaches
  10 goblins
  9 hobgoblins
  10 jackals
  5 quokkas
  12 ball pythons
  2 frilled lizards
  23 kobolds
  8 rats
362 creatures vanquished.

Vanquished Creatures (others)
  An orc wizard (D:9)
  A gnoll (D:7)
  2 fungi (D:3)
  6 plants (D:7)
10 creatures vanquished.

Grand Total: 372 creatures vanquished

Notes
Turn   | Place    | Note
-------+----------+-------------------------------------------
     0 | D:1      | scsoc the Minotaur Fighter began the quest for the Orb.
     0 | D:1      | Reached XP level 1. HP: 19/19 MP: 0/0
    67 | D:1      | Found Saunlany's Book Emporium.
   344 | D:1      | Reached XP level 2. HP: 27/27 MP: 1/1
   656 | D:1      | Found Guir's Antique Weapon Shoppe.
   946 | D:1      | Reached XP level 3. HP: 25/33 MP: 2/2
  1277 | D:1      | Found Roqayxt's Weapon Shoppe.
  1566 | D:2      | Reached skill level 3 in Axes
  1923 | D:2      | Found a faded altar of an unknown god.
  2218 | D:3      | Reached XP level 4. HP: 39/40 MP: 3/3
  2245 | D:3      | Identified the +1 pair of boots of Defiance {rF+ rN+
                  | Slay+2}
  2536 | D:3      | Found a sacrificial altar of Ru.
  2852 | D:3      | Reached skill level 4 in Axes
  3123 | D:3      | Found a runed translucent door.
  3124 | D:3      | Noticed Crazy Yiuf
  3130 | D:3      | Killed Crazy Yiuf
  3131 | D:3      | Reached XP level 5. HP: 47/47 MP: 4/4
  3243 | D:4      | Noticed Sigmund
  3248 | D:4      | Killed Sigmund
  3249 | D:4      | Reached skill level 5 in Axes
  3249 | D:4      | Reached skill level 5 in Armour
  3249 | D:4      | Reached skill level 1 in Dodging
  3249 | D:4      | Reached XP level 6. HP: 39/53 MP: 5/5
  3390 | D:4      | Reached skill level 6 in Axes
  3470 | D:4      | Found a staircase to the Ecumenical Temple.
  3530 | Temple   | Entered the Ecumenical Temple
  3624 | Temple   | Became a worshipper of Qazlal Stormbringer
  4508 | D:5      | Entered Level 5 of the Dungeon
  4551 | D:5      | Reached XP level 7. HP: 60/60 MP: 6/6
  4555 | D:5      | Reached skill level 7 in Axes
  4617 | D:5      | Reached skill level 5 in Fighting
  4870 | D:5      | Found a shadowy altar of Dithmenos.
  5103 | D:5      | Noticed Edmund
  5112 | D:5      | Killed Edmund
  5227 | D:5      | Noticed Pikel
  5245 | D:5      | Killed Pikel
  5246 | D:5      | Reached skill level 8 in Axes
  5246 | D:5      | Reached XP level 8. HP: 71/71 MP: 7/7
  5331 | D:5      | Noticed Ijyb
  5335 | D:5      | Killed Ijyb
  5685 | D:6      | Got Sif Muna's Precepts of Iron Blight
  5747 | D:6      | Reached skill level 9 in Axes
  5747 | D:6      | Reached skill level 5 in Shields
  5768 | D:6      | Noticed Maggie
  5796 | D:6      | Killed Maggie
  6003 | D:6      | Reached skill level 10 in Axes
  6008 | D:6      | Reached XP level 9. HP: 79/79 MP: 8/8
  6205 | D:6      | Found a bloodstained altar of Trog.
  6337 | D:6      | Reached * piety under Qazlal
  6428 | D:6      | Reached skill level 11 in Axes
  6627 | D:6      | Noticed Blork the orc
  6636 | D:6      | Killed Blork the orc
  6836 | D:7      | Identified the +2 buckler of Honour {rF- Dex+5 Slay+4}
  6839 | D:7      | Found a transporter.
  6844 | D:7      | Noticed cowcol's ghost (novice DrBe)
  6898 | D:7      | Found Nesac's Lightly-Used Armoury.
  6926 | D:7      | Found a transporter.
  6988 | D:7      | Killed cowcol's ghost
  6989 | D:7      | Reached skill level 12 in Axes
  7142 | D:7      | Identified the ring of Tension {AC+4 Int+3 Dex-2}
  7354 | D:7      | Found a glowing silver altar of Zin.
  7372 | D:7      | Found a burning altar of Makhleb.
  7374 | D:7      | Found an ornate altar of the Wu Jian Council.
  7560 | D:7      | Found a hide-covered altar of Uskayaw.
  8046 | D:7      | Reached XP level 10. HP: 89/89 MP: 9/9
  8050 | D:7      | Found Muxiucza's Weapon Shoppe.
  8530 | D:8      | Reached skill level 1 in Stealth
  8639 | D:8      | Reached skill level 13 in Axes
  8801 | D:8      | Reached ** piety under Qazlal
  9154 | D:8      | Found Jamiboq's Changing Room.
  9254 | D:8      | Identified the +5 robe of Dyomnin {rElec Regen+ Int-5
                  | Stlth+}
  9385 | D:9      | Found a blossoming altar of Fedhas.
  9680 | D:9      | Found a staircase to the Orcish Mines.
  9718 | D:9      | Reached *** piety under Qazlal
  9801 | D:9      | Reached skill level 10 in Armour
 10090 | D:9      | Noticed Erica
 10098 | D:9      | Killed Erica
 10099 | D:9      | Reached skill level 14 in Axes
 10099 | D:9      | Reached XP level 11. HP: 99/99 MP: 10/10
 10310 | D:10     | Entered Level 10 of the Dungeon
 10310 | D:10     | Noticed a death yak
 10314 | D:10     | Noticed a death yak
 10317 | D:10     | Noticed a death yak
 10325 | D:10     | Noticed a two-headed ogre
 10331 | D:9      | Killed a death yak
 10332 | D:9      | Reached skill level 10 in Fighting
 10336 | D:9      | Killed a death yak
 10448 | D:9      | Killed a two-headed ogre
 10456 | D:9      | Killed a death yak
 10687 | D:10     | Found a staircase to the Lair.
 10693 | D:10     | Reached skill level 15 in Axes
 10820 | D:10     | Reached **** piety under Qazlal
 11234 | D:11     | Noticed Psyche
 11240 | D:11     | Killed Psyche
 11265 | D:11     | Noticed a sun demon
 11304 | D:11     | Noticed a four-headed hydra
 11317 | D:11     | Killed a four-headed hydra
 11318 | D:11     | Reached XP level 12. HP: 65/110 MP: 11/11
 11538 | D:11     | Reached skill level 16 in Axes
 11651 | D:11     | Noticed Maurice
 11670 | D:11     | Killed Maurice
 12043 | D:11     | Noticed Urug
 12057 | D:11     | Killed Urug
 12058 | D:11     | Reached skill level 1 in Evocations
 12447 | D:12     | Identified the +2 great sword of Quantum Leap {flame, rN+
                  | Will+ MP-9 Dex+6}
 12522 | D:12     | Found a portal to a secret trove of treasure.
 13118 | D:12     | Found a huge runed translucent gate.
 13118 | D:12     | Found a huge runed translucent gate.
 13118 | D:12     | Found a huge runed translucent gate.
 13118 | D:12     | Found a huge runed translucent gate.
 13149 | D:12     | Reached ***** piety under Qazlal
 13169 | D:12     | Reached skill level 10 in Shields
 13801 | D:13     | Noticed a boulder beetle
 13809 | D:13     | Noticed a centaur warrior
 13817 | D:13     | Killed a centaur warrior
 13832 | D:13     | Killed a boulder beetle
 13833 | D:13     | Reached XP level 13. HP: 115/118 MP: 12/12
 13974 | D:13     | Noticed a fire giant
 13983 | D:13     | Killed a fire giant
 13989 | D:13     | Noticed a sphinx
 14003 | D:13     | HP: 4/119 [deep troll earth mage (12)]
 14003 | D:13     | Mangled by a deep troll earth mage

Illustrated notes

Levels and vault maps discovered:
D:1:      evilmike_arrival_hilbert_curve, layout_basic, serial_shops,
          nicolae_shop_window_shopping, nicolae_diamond_shop,
          nicolae_square_shop, serial_glass, glass_columns_b, glass_columns_a,
          glass_columns_b, glass_columns_c, glass_columns_a, glass_columns_c,
          minmay_strange_pillars, supply_closet_lemuel
D:2:      layout_rooms, hellmonk_ecumenical_altar_arch_garden, minmay_quantized
D:3:      kennysheep_six_static_rooms, layout_rooms, amcnicky_altar_gilded,
          minmay_between, uniq_crazy_yiuf_cottage
D:4:      layout_loops_corners, minmay_temple_entry_ruins, uniq_sigmund
D:5:      layout_basic, grunt_dithmenos_smoke_and_mirrors,
          lemuel_flamethrower_1, uniq_edmund, uniq_ijyb, uniq_pikel
D:6:      layout_gridville, lemuel_tele_altar, minmay_chambers_of_fives,
          uniq_maggie, uniq_blork_the_orc
D:7:      layout_layer_cave, mainiacjoe_overflow_catwalk_spiral, zin_academy,
          nicolae_uskayaw_murder_on_the_dancefloor, enter_bailey_5,
          serial_shops, kennysheep_little_box, gammafunk_ghost_gnarly_gnolls,
          minmay_shop_damaged, chequers_serial_rivers_small_a
D:8:      layout_loops_ring, nicolae_transmutations_shop
D:9:      layout_loops_ring, mainiacjoe_overflow_alcove_4, hiddenorc2_lemuel,
          uniq_erica
D:10:     layout_rooms, dpeg_lair_monsters
D:11:     layout_gridville, uniq_urug, uniq_psyche, uniq_maurice
D:12:     lemuel_bear_cage, layout_basic, nicolae_trove_entry_free_sample,
          hangedman_abyss_or_decor_slice
D:13:     layout_irregular_city, lightli_vaults_fourway_checkpoint,
          portal_ice_cave_entry_pillars_1, drop_trap, minmay_diamond_spiral,
          uniq_sonja, uniq_jorgrun
Temple:   minmay_temple_curvy_branch

Skill      XL: |  1  2  3  4  5  6  7  8  9 10 11 12 |
---------------+-------------------------------------+-----
Armour         | 4 5 6 7 8 10 11 13 | 13.4
Fighting       | 4 6 7 8 9 11 12 | 12.4
Axes           | 3 4 5 6 8 10 12 14 15 16 | 16.9
Dodging        | 1 2 |  2.5
Shields        | 4 5 6 8 10 | 10.5
Stealth        | 1 |  1.6
Evocations     | 1 |  1.7

Action                   |  1- 3 |  4- 6 |  7- 9 | 10-12 | 13-15 || total
-------------------------+-------+-------+-------+-------+-------++-------
Melee: War axe           |   111 |   103 |   185 |   485 |    30 ||   914
       Headbutt          |    11 |    20 |    36 |   105 |     7 ||   179
Evoke: Wand              |       |       |       |    13 |       ||    13
  Use: Potion            |     6 |     1 |     2 |     4 |       ||    13
       Scroll            |     5 |     4 |     3 |     4 |       ||    16
 Stab: Invisible         |     2 |       |       |       |       ||     2
Armor: Scale mail        |    46 |    27 |       |       |       ||    73
       Plate armour      |       |    12 |    97 |   265 |    16 ||   390
Dodge: Dodged            |    59 |    33 |    39 |   149 |    10 ||   290
       Repelled          |       |       |       |     1 |       ||     1
Block: Buckler           |    25 |    24 |       |       |       ||    49
       Orb               |       |    16 |    45 |   178 |    13 ||   252
       Reflection        |       |       |     2 |    11 |     1 ||    14
